Map: Acid Plant LE

Players

Crow - Winner!

  • Race: Zerg Zerg
  • Spawn Location: 5:00

AeiS

  • Race: Protoss Protoss
  • Spawn Location: 11:00

Event: WCS Montreal 2018

VOD

Have the link to the VOD?

Description

Time

  • Played on: Sept. 7, 2018, 12:58 p.m.
  • Length: 7:20

All games in this series

Show
View Real Time Build Order
Export as new Build Order

Crow Zerg - Winner!

Build Orders: Hatch First 

Get SALT Encoding   

  12  0:01  Drone  
  13  0:12  Overlord  
  13  0:17  Drone  
  14  0:31  Drone x2  
  16  0:48  Hatchery  
  15  0:51  Drone  
  15  0:54  Drone  
  17  1:10  Spawning Pool  
  16  1:17  Drone  
  17  1:20  Drone  
  17  1:21  Extractor  
  17  1:29  Drone  
  18  1:36  Drone  
  19  1:43  Drone  
  20  1:52  Overlord  
  20  1:57  Queen  
  22  2:02  Queen  
  24  2:09  Drone x2  
  26  2:19  Drone x2  
  28  2:23  Zergling x4  
  30  2:30  Metabolic Boost  
  30  2:44  Hatchery  
  30  2:46  Drone  
  30  2:48  Drone  
  31  2:55  Queen  
  33  3:00  Overlord  
  33  3:07  Drone x3  
  36  3:19  Drone x4  
  40  3:20  Overlord  
  40  3:24  Drone x2  
  42  3:31  Roach Warren  
  42  3:32  Drone  
  42  3:35  Drone  
  43  3:45  Drone x4  
  43  3:48  Overlord x2  
  47  3:55  Lair  
  47  3:57  Drone  
  47  3:58  Extractor x2  
  47  4:00  Drone  
  47  4:02  Drone  
  48  4:06  Drone  
  48  4:07  Drone x2  
  48  4:08  Drone  
  52  4:10  Drone  
  52  4:11  Drone  
  52  4:14  Drone x2  
  56  4:22  Drone x2  
  58  4:26  Overlord  
  58  4:32  Roach  
  58  4:38  Drone, Evolution Chamber, Roach  
  61  4:39  Roach x3  
  61  4:40  Overlord  
  61  4:42  Roach  
  61  4:43  Roach  
  72  4:46  Queen  
  72  4:49  Overlord  
  72  4:52  Roach  
  76  4:55  Glial Reconstitution  
  76  4:58  Roach  
  78  5:01  Roach x2  
  78  5:04  Roach  
  83  5:11  Roach x2  
  83  5:14  Overlord  
  87  5:15  Roach  
  87  5:21  Evolution Chamber  
  88  5:22  Queen  
  88  5:24  Evolution Chamber, Roach x3  
  88  5:27  Roach  
  97  5:32  Roach  
  99  5:37  Roach x3  
  105  5:46  Overlord x2  
  105  5:55  Queen  
  106  6:03  Roach  
  106  6:04  Roach  
  106  6:08  Roach x2  
  108  6:16  Roach x2  
  116  6:29  Overlord  
  116  6:30  Overlord  
  116  6:32  Hatchery  
  111  6:33  Roach  
  113  6:40  Roach  
  113  6:41  Overlord x2  
  115  6:52  Roach x2  
  119  7:01  Drone x2  
  119  7:02  Extractor, Drone  
Show
View Real Time Build Order
Export as new Build Order

AeiS Protoss 

Build Orders: 1 Gate Expand 

Get SALT Encoding   

  12  0:00  Probe  
  13  0:12  Probe  
  14  0:19  Pylon  
  14  0:24  Probe  
  15  0:33  Probe  
  15  0:40  Gateway  
  15  0:41  Probe  
  17  0:50  Assimilator  
  17  0:52  Probe  
  18  1:00  Probe  
  18  1:01  Pylon  
  19  1:08  Probe  
  19  1:13  Pylon  
  19  1:18  Probe  
  21  1:39  Nexus  
  20  1:48  Nexus  
  20  1:56  Cybernetics Core  
  20  1:58  Probe  
  21  2:04  Assimilator  
  21  2:10  Probe  
  21  2:14  Pylon  
  23  2:22  Probe  
  23  2:33  Twilight Council  
  23  2:34  Warp Gate, Probe  
  24  2:40  Stalker  
  26  2:47  Probe  
  26  2:49  Charge  
  27  2:55  Gateway  
  29  3:10  Adept  
  29  3:17  Robotics Facility  
  29  3:19  Probe  
  30  3:21  Probe  
  31  3:32  Gateway  
  31  3:36  Gateway  
  31  3:45  Gateway  
  31  3:48  Gateway  
  31  3:50  Probe  
  31  3:54  Warp Prism  
  32  4:01  Gateway  
  32  4:09  Pylon  
  34  4:16  Shield Battery  
  34  4:25  Probe  
  34  4:29  Gateway  
  34  4:31  Gateway  
  35  4:42  Pylon  
  35  4:43  Pylon  
  35  4:47  Observer  
  36  4:56  Zealot x5  
  46  5:00  Zealot  
  46  5:04  Zealot  
  50  5:17  Zealot x3  
  50  5:18  Zealot  
  58  5:32  Zealot x2  
  58  5:33  Zealot  
  64  5:38  Zealot x2  
  64  5:52  Warp Prism  
  66  5:58  Zealot x2  
  66  5:59  Zealot  
  62  6:08  Probe x2  
  54  6:18  Immortal  
  54  6:20  Probe  
  54  6:23  Probe  
  51  6:28  Probe  
  51  6:31  Probe  
  57  6:36  Probe, Sentry  
  57  6:37  Zealot x3  
  66  6:40  Probe  
  66  6:44  Assimilator  
  68  6:51  Zealot  
  70  6:56  Pylon  
  70  7:04  Cybernetics Core  
  70  7:07  Probe x2, Zealot  
  70  7:08  Zealot  
Tags
 
Add a new tag
Caveats
  • Supply blocks, unpowered buildings, or Contaminate may cause inaccurate times.
  • Supply counts are checked every 10 seconds.